 Dungeon Crawl Stone Soup version 0.30.1-4-g462c640d31 (webtiles) character file.

Game seed: 17033855282885394065

4245 Almogavar the Cleaver (level 10, -4/88 HPs)
             Began as a Hill Orc Fighter on Aug 16, 2023.
             Was a Follower of Makhleb.
             Shot with an arrow by a centaur warrior (23 damage)
             ... on level 10 of the Dungeon.
             The game lasted 00:25:36 (8826 turns).

Almogavar the Cleaver (Hill Orc Fighter)            Turns: 8826, Time: 00:25:36

Health: -4/88      AC: 20    Str: 30    XL:     10   Next: 30%
Magic:  10/10      EV: 10    Int:  8    God:    Makhleb [*.....]
Gold:   705        SH:  5    Dex: 10    Spells: 9/9 levels left

rFire   . . .        t - +0 hand axe (flame)
rCold   + . .        c - +0 buckler
rNeg    . . .        p - +0 chain mail
rPois   .            (no helmet)
rElec   .            x - +1 cloak {rCorr}
rCorr   +            l - +1 pair of gloves {Stlth+}
SInv    .            (no boots)
Will    .....        d - amulet of the Queen {rC+ Regen+}
Stlth   +            e - +4 ring of protection
HPRegen 1.14/turn    o - ring "Unky Ryz" {+Blink Str+6 Stlth+}
MPRegen 0.12/turn

%: no passive effects
@: no status effects
A: no striking features
a: Renounce Religion, Evoke Blink


You were on level 10 of the Dungeon.
You worshipped Makhleb.
Makhleb was aware of your devotion.
You visited 2 branches of the dungeon, and saw 11 of its levels.
You also visited: Ossuary.

You collected 719 gold pieces.
You spent 14 gold pieces at shops.

Inventory:

Hand Weapons
 t - a +0 hand axe of flaming (weapon)
Missiles
 F - a throwing net (quivered)
Armour
 c - a +0 buckler (worn)
 k - a +0 plate armour
 l - a +1 pair of gloves of stealth (worn)
 p - a +0 chain mail (worn)
 x - a +1 cloak of preservation (worn)
Magical Staves
 g - a staff of poison
Jewellery
 a - an amulet of guardian spirit
 d - the amulet of the Queen (around neck) {rC+ Regen+}
   (You took it off a centaur on level 7 of the Dungeon)

   [amulet of regeneration]

   rC:        It protects you from cold.
   Regen:     It increases your rate of health regeneration.
 e - a +4 ring of protection (left hand)
 o - the ring "Unky Ryz" (right hand) {+Blink Str+6 Stlth+}
   (You acquired it on level 9 of the Dungeon)

   [ring of strength]

   Str:       It affects your strength (+6).
   +Blink:    It lets you blink.
   Stlth:     It makes you more stealthy.
 r - a ring of magical power
Wands
 C - a wand of polymorph (15)
 I - a wand of roots (3)
 K - a wand of flame (11)
Scrolls
 b - 2 scrolls of fear
 f - a scroll of summoning
 h - a scroll of brand weapon
 n - 5 scrolls of teleportation
 v - a scroll of vulnerability {unknown}
 y - 2 scrolls of immolation {unknown}
 z - a scroll of amnesia
 E - 2 scrolls of magic mapping
 G - a scroll of enchant armour {unknown}
 H - a scroll of fog {unknown}
Potions
 i - 2 potions of cancellation
 j - 2 potions of ambrosia
 m - a potion of invisibility
 q - 2 potions of haste
 s - a potion of heal wounds
 u - 2 potions of mutation {unknown}
 w - a potion of flight {unknown}
 A - a potion of attraction {unknown}
 B - 2 potions of lignification {unknown}
 J - a potion of curing


   Skills:
 + Level 8.0 Fighting
 + Level 11.5 Axes
 + Level 9.3 Armour
 + Level 4.2 Dodging
 + Level 1.2 Stealth
 - Level 5.0 Shields


You had 9 spell levels left.
You didn't know any spells.
Your spell library contained the following spells:

 Spells                   Type           Power      Damage    Failure   Level
 Foxfire                  Conj/Fire      0%         2x1d4     86%         1
 Kiss of Death            Conj/Necr      0%         2d5       86%         1
 Confusing Touch          Hex            0%         N/A       99%         3
 Dispel Undead            Necr           0%         3d6       100%        4
 Fireball                 Conj/Fire      0%         3d3       100%        5
 Conjure Ball Lightning   Conj/Air       0%         3x3d6     100%        6
 Plasma Beam              Fire/Air       0%         2x1d11    100%        6
 Starburst                Conj/Fire      0%         6d3       100%        6
 Discord                  Hex            0%         N/A       100%        8
 Disjunction              Tloc           0%         N/A       100%        8


Dungeon Overview and Level Annotations

Branches:
Dungeon (10/15)            Temple (1/1) D:5         Ossuary (visited)
   Lair: D:8-11         Orc: D:9-12

Altars:
Ashenzari
Cheibriados
Kikubaaqudgha
Makhleb
Nemelex Xobeh
Okawaru
Sif Muna
Uskayaw
Wu Jian
Yredelemnul
The Shining One

Shops:
D:4 =   D:9 ?


Message History

You hit the orc but do no damage. The orc barely misses you.
You hit the orc but do no damage.
The orc is heavily wounded.
The orc hits you but does no damage.
You completely miss the orc.
The orc is heavily wounded.
You block the orc's attack.
You barely miss the orc.
The orc is heavily wounded.
You slash the orc! You burn the orc.
You kill the orc!
Makhleb accepts your kill.
No target in view!
No target in view!
You open the door.
There is an open door here.
You now have 689 gold pieces (gained 10).
You open the door.
Found a quarterstaff.
There is an open door here.
You now have 705 gold pieces (gained 16).
A centaur warrior comes into view.
The centaur warrior shouts!
The centaur warrior wields a +0 longbow.
The centaur warrior shoots an arrow.
The arrow hits you!
The centaur warrior shoots an arrow.
The arrow hits you!
The centaur warrior shoots an arrow.
The arrow hits you!
The centaur warrior shoots an arrow.
The arrow hits you!
The centaur warrior shoots an arrow.
The arrow barely misses you.
The centaur warrior shoots an arrow.
The arrow hits you but does no damage.
Found a scroll of poison.
The centaur warrior shoots an arrow.
The arrow hits you!
You are too injured to fight recklessly!
You are too injured to fight recklessly!
You are too injured to fight recklessly!
You are too injured to fight recklessly!
The centaur warrior shoots an arrow.
The arrow hits you!!
* * * LOW HITPOINT WARNING * * *
The centaur warrior shoots an arrow.
The arrow hits you!!
You die...

#.........?..
#.c...........#
#.............#
.............+
#...........#
...........
#........ #....#
#@...+ #....#
#....# #....#
######....#
#.........#
########..# #..#
###
######..#####....


You could see a centaur warrior.

Vanquished Creatures
  Maurice (D:9)
  A hornet (D:8)
  A wraith (D:10)
  6 yaks
  2 water moccasins
  2 orc warriors
  A sky beast (D:7)
  2 centaurs
  An ogre (D:4)
  2 phantoms
  2 bullfrogs (D:7)
  3 scorpions (D:6)
  A gnoll sergeant (D:6)
  10 wights
  3 killer bees (D:8)
  A howler monkey (D:7)
  5 hounds
  A jelly (D:7)
  2 orc priests
  A gnoll bouda (D:7)
  2 sleepcaps
  3 orc wizards
  8 mummies (Ossuary)
  10 adders
  10 gnolls
  A shadow imp (D:6)
  A white imp (D:7)
  2 ufetubi
  2 worms
  2 dart slugs
  10 orcs
  12 bats
  4 endoplasms
  4 giant cockroaches
  5 goblins
  9 hobgoblins
  9 kobolds
  4 quokkas
  5 ball pythons
  4 frilled lizards
  2 gnoll zombies (Ossuary)
  2 kobold zombies (Ossuary)
  4 orc zombies (Ossuary)
  3 rats
166 creatures vanquished.

Notes
Turn   | Place    | Note
-------+----------+-------------------------------------------
     0 | D:1      | Almogavar the Hill Orc Fighter began the quest for the Orb.
     0 | D:1      | Reached XP level 1. HP: 19/19 MP: 1/1
   165 | D:1      | Reached XP level 2. HP: 26/27 MP: 2/2
   322 | D:1      | Reached skill level 3 in Axes
   785 | D:1      | Found a faded altar of an unknown god.
   836 | D:2      | Reached XP level 3. HP: 33/33 MP: 3/3
  1587 | D:3      | Reached XP level 4. HP: 36/40 MP: 4/4
  1666 | D:3      | Reached skill level 4 in Axes
  1762 | D:3      | You fall into a shaft and drop 3 floors!
  1773 | D:6      | Noticed a centaur
  1793 | D:6      | Killed a centaur
  1794 | D:6      | Reached skill level 5 in Axes
  1794 | D:6      | Reached XP level 5. HP: 41/47 MP: 5/5
  1818 | D:5      | Entered Level 5 of the Dungeon
  1935 | D:5      | Reached skill level 1 in Dodging
  2142 | D:4      | Found Basieh's Jewellery Boutique.
  2184 | D:4      | Found a sand-covered staircase.
  2209 | Ossuary  | Entered an ossuary
  2243 | Ossuary  | Reached XP level 6. HP: 15/53 MP: 6/6
  2448 | Ossuary  | Reached skill level 6 in Axes
  2805 | D:4      | Reached XP level 7. HP: 43/60 MP: 7/7
  3045 | D:4      | Reached skill level 7 in Axes
  3425 | D:5      | Found a staircase to the Ecumenical Temple.
  3434 | Temple   | Entered the Ecumenical Temple
  3445 | Temple   | Became a worshipper of Makhleb the Destroyer
  3506 | D:5      | Identified the +10 sling "Rusm" {freeze, Dex+3}
  4483 | D:6      | Reached skill level 5 in Fighting
  4483 | D:6      | Reached skill level 5 in Armour
  4736 | D:6      | Found a broken altar of Ashenzari.
  4747 | D:6      | Reached XP level 8. HP: 68/68 MP: 8/8
  5406 | D:7      | Reached skill level 8 in Axes
  5406 | D:7      | Reached skill level 5 in Shields
  5833 | D:7      | Identified the amulet of the Queen {rC+ Regen+}
  5862 | D:7      | Reached * piety under Makhleb
  5863 | D:7      | Reached skill level 9 in Axes
  5863 | D:7      | Reached XP level 9. HP: 50/75 MP: 9/9
  7135 | D:8      | Reached skill level 10 in Axes
  7232 | D:9      | Noticed a hornet
  7252 | D:9      | Paralysed by a hornet for 2 turns
  7283 | D:8      | Killed a hornet
  7471 | D:8      | Reached skill level 1 in Stealth
  7679 | D:9      | Noticed Maurice
  7697 | D:9      | Killed Maurice
  7698 | D:9      | Reached XP level 10. HP: 70/86 MP: 10/10
  7773 | D:9      | Reached skill level 11 in Axes
  8065 | D:9      | Found a glowing golden altar of the Shining One.
  8151 | D:9      | Identified a scroll of acquirement
  8152 | D:9      | Acquired the ring "Unky Ryz" {+Blink Str+6 Stlth+}
  8448 | D:9      | Found Kiasmunne's Magic Scroll Shoppe.
  8451 | D:9      | Bought a scroll of noise for 14 gold pieces
  8552 | D:10     | Entered Level 10 of the Dungeon
  8821 | D:10     | Noticed a centaur warrior
  8826 | D:10     | Shot with an arrow by a centaur warrior

Illustrated notes

Levels and vault maps discovered:
D:1:      dpeg_arrival_rooms_with_view, layout_basic,
          shapermc_ecumenical_altar_mp_highgroup, minmay_pentomino_o2
D:2:      layout_basic, minmay_misc_feat_four_crosses, st_stairs_6
D:3:      layout_rooms, regret_index_temple_of_mockery, wad_floor_pattern_2,
          uniq_ijyb, uniq_terence
D:4:      layout_loops_ring, serial_forest, infiniplex_forest_straight_3,
          infiniplex_forest_end_1, infiniplex_forest_lined_room_3,
          infiniplex_forest_side_room, infiniplex_forest_lined_corner,
          infiniplex_forest_lined_3_way, serial_shops, shop,
          nicolae_ossuary_entry_monument
D:5:      layout_layer_cave, minmay_temple_entry_waves
D:6:      old_forge, layout_rooms, marbit_many_paths
D:7:      layout_basic
D:8:      layout_basic, mainiacjoe_overflow_six_doors_small, lair_entry_dummy,
          uniq_maggie, uniq_pikel, uniq_joseph
D:9:      layout_roguey, kennysheep_mini, serial_shops, nicolae_shop_rolled_up,
          minmay_between, uniq_maurice
D:10:     layout_irregular_city, pdpol_temple_overflow_zin_treasury_gozag_greed,
          old_standard_altar, zombieorc1_lemuel, nicolae_specific_store
Temple:   eino_temple_lava

Skill      XL: |  1  2  3  4  5  6  7  8  9 10 |
---------------+-------------------------------+-----
Axes           | 3 5 6 7 9 10 11 | 11.5
Fighting       | 4 5 6 7 8 |  8.0
Shields        | 4 5 |  5.0
Dodging        | 1 2 3 4 |  4.2
Armour         | 4 5 6 8 9 |  9.3
Stealth        | 1 |  1.2

Action                     |  1- 3 |  4- 6 |  7- 9 | 10-12 || total
---------------------------+-------+-------+-------+-------++-------
  Melee: War axe           |    97 |    13 |       |       ||   110
         Hand axe          |       |   145 |   521 |    95 ||   761
  Throw: Throwing net      |       |       |     1 |       ||     1
  Evoke: Wand              |       |       |     1 |       ||     1
    Use: Scroll            |     3 |     3 |     4 |     3 ||    13
         Potion            |       |     1 |     9 |       ||    10
 Armour: Scale mail        |    65 |    81 |    14 |       ||   160
         Chain mail        |       |       |   278 |    42 ||   320
  Dodge: Dodged            |    47 |    68 |   207 |    25 ||   347
  Block: Buckler           |    20 |    30 |   117 |    14 ||   181
